 Dungeon Crawl Stone Soup version 0.29.1-12-g30fa7ad0bf (webtiles) character file.

Game seed: 4229533505443468671

289 hawla the Firebug (level 6, -3/46 HPs)
             Began as a Meteoran Fire Elementalist on Jan 12, 2023.
             Slain by a black bear (7 damage)
             ... on level 4 of the Dungeon.
             The game lasted 00:04:43 (405 turns).

hawla the Firebug (Meteoran Fire Elementalist)       Turns: 405, Time: 00:04:43

Health: -3/46      AC:  3    Str: 10    XL:     6   Next: 89%
Magic:  0/13       EV: 13    Int: 19    God:
Gold:   64         SH:  0    Dex: 14    Spells: 6/13 levels left

rFire   . . .      SeeInvis .   (no weapon)
rCold   . . .      Faith    .   (no shield)
rNeg    . . .      Spirit   .   a - +0 robe
rPois   .          Reflect  .   (no helmet)
rElec   .          Harm     .   (no cloak)
rCorr   .          Rampage  .   g - +0 pair of gloves
Will    .....                   (no boots)
Stlth   +.........              (no amulet)
HPRegen 0.15/turn               (no ring)
MPRegen 0.13/turn               (no ring)

@: mighty, glowing
A: sense surroundings 1, otherworldly, glowing, explore regen
a: no special abilities


You were on level 4 of the Dungeon.
You visited 1 branch of the dungeon, and saw 4 of its levels.

You collected 64 gold pieces.

Inventory:

Armour
 a - a +0 robe (worn)
 g - a +0 pair of gloves (worn)
Wands
 b - a wand of flame (4)
Scrolls
 c - 3 scrolls of identify {unknown}
 d - a scroll of amnesia {unknown}
 e - 2 scrolls of teleportation {unknown}
 f - a scroll of torment {unknown}
 h - 2 scrolls of butterflies {unknown}
 i - a scroll of magic mapping {unknown}


   Skills:
 + Level 0.5 Fighting
 + Level 3.3 Dodging
 - Level 1.4 Stealth
 + Level 4.3 Spellcasting
 + Level 4.8 Conjurations
 + Level 5.0 Fire Magic


You had 6 spell levels left.
You knew the following spells:

 Your Spells              Type           Power      Damage    Failure   Level
a - Foxfire               Conj/Fire      88%        2x1d8     1%          1
b - Scorch                Fire           46%        2d7       2%          2
c - Flame Wave            Conj/Fire      22%        2d8       17%         4

Your spell library contained the following spells:

 Spells                   Type           Power      Damage    Failure   Level
 Conjure Flame            Conj/Fire      22%        6-21      5%          3
 Inner Flame              Hex/Fire       13%        N/A       14%         3


Dungeon Overview and Level Annotations

Branches:
Dungeon (4/15) Zot: 1993
 Temple: D:4-7

Altars:

Shops:
D:1 =


Innate Abilities, Weirdness & Mutations

You passively map a small area around you.
You are easily found by Zot.
You glow in the dark.
You regain HP and MP as you explore.


Message History

The black bear is heavily wounded.
You hear an angry hiss.
A wave of flame ripples out!
The flame wave engulfs the black bear!
The black bear is almost dead.
You hear an angry hiss.
Your foxfire dissipates!
A ball python comes into view.
The black bear goes berserk!
Unknown command.
Casting: Flame Wave (quite dangerous; 17% risk of failure)
Confirm with . or Enter, or press ? or * to list all spells.
Flames lash the ball python.
You kill the ball python!
The black bear bites you. The black bear claws you. x2
Casting: Scorch (safe; 2% risk of failure)
Confirm with . or Enter, or press ? or * to list all spells.
You conjure some foxfire!
The black bear bites you!
The black bear claws you but does no damage.
The black bear claws you. The black bear completely misses you.
The black bear claws you but does no damage.
The black bear closely misses you.
The foxfire hits the black bear.
The black bear is almost dead.
The foxfire hits the orc.
The orc is lightly wounded.
It was a potion of might.
You feel very mighty all of a sudden.
A ball python comes into view.
The black bear closely misses you.
The black bear claws you but does no damage.
The black bear claws you.
* * * LOW HITPOINT WARNING * * *
The black bear closely misses you. The black bear claws you.
* * * LOW HITPOINT WARNING * * *
The black bear claws you.
* * * LOW HITPOINT WARNING * * *
Casting: Foxfire (safe; 1% risk of failure)
Confirm with . or Enter, or press ? or * to list all spells.
You conjure some foxfire!
The black bear bites you!
You die... ~~ ......# ... #.....# .8.. ...... .... , , ,...S#*..### ** , *...##.#... . * , * , #........,.. ,*##v...#, o.o

, , *#.@h.## ..
#....v#oo.##.# ,
,.#.##.####.)).# *
, * ** ...##.
#..##.# *
......###...# # ,
#. ......)....####
* ##.
..#...#.####..# ..
* #..
#.####..#########.
* ...
#.##.........##.>.


You could see a black bear (berserk, ally target), 2 orcs and a ball python.

Vanquished Creatures
  An ogre (D:4)
  A scorpion (D:4)
  A hound (D:4)
  A jelly (D:4)
  Ijyb (D:4)
  An orc wizard (D:4)
  An ufetubus (D:4)
  A worm (D:4)
  A dart slug (D:4)
  An orc (D:4)
  4 ball pythons
  2 bats
  2 endoplasms
  A giant cockroach (D:4)
  3 jackals
  2 quokkas (D:1)
  4 goblins
  2 kobolds
  3 rats
33 creatures vanquished.

Vanquished Creatures (others)
  82 foxfires
82 creatures vanquished.

Grand Total: 115 creatures vanquished

Notes
Turn   | Place    | Note
-------+----------+-------------------------------------------
     0 | D:1      | hawla the Meteoran Fire Elementalist began the quest for
                  | the Orb.
     0 | D:1      | Reached XP level 1. HP: 14/14 MP: 5/5
    26 | D:1      | Reached XP level 2. HP: 14/20 MP: 1/6
    28 | D:1      | Found Ridauqir's Jewellery Shoppe.
    48 | D:1      | Reached skill level 4 in Fire Magic
    96 | D:2      | Found a faded altar of an unknown god.
   136 | D:3      | Learned a level 2 spell: Scorch
   156 | D:2      | Reached XP level 3. HP: 16/27 MP: 1/8
   234 | D:4      | Reached XP level 4. HP: 34/34 MP: 5/10
   245 | D:4      | Learned a level 4 spell: Flame Wave
   275 | D:4      | Noticed a scorpion
   278 | D:4      | Reached XP level 5. HP: 37/39 MP: 8/11
   278 | D:4      | Noticed Ijyb
   289 | D:4      | Killed Ijyb
   290 | D:4      | Reached XP level 6. HP: 5/46 MP: 5/12
   376 | D:4      | Noticed an ogre
   379 | D:4      | Killed an ogre
   380 | D:4      | Reached skill level 5 in Fire Magic
   396 | D:4      | Noticed a black bear
   405 | D:4      | Slain by a black bear

Illustrated notes

Levels and vault maps discovered:
D:1:      eino_arrival_water_star, layout_basic, serial_rivers,
          chequers_serial_rivers_micro_d, chequers_serial_rivers_micro_d,
          chequers_serial_rivers_marsh, chequers_serial_rivers_small_a,
          chequers_serial_rivers_large_a, chequers_serial_rivers_micro_e,
          serial_shops, nicolae_shop_temple_entry_statues_fountains
D:2:      layout_loops_ring, dreamdust_ecumenical_altar_grove
D:3:      layout_basic, nicolae_overflow_hidden_temple,
          nicolae_kikubaaqudgha_miasma_corner
D:4:      layout_cave_pools, mainiacjoe_overflow_alcove_2,
          nicolae_gozag_conspicuous_consumption, led_sif_book, corner_web_ring,
          uniq_ijyb

Skill      XL: |  1  2  3  4  5  6 |
---------------+-------------------+-----
Fire Magic     | 4 5 |  5.0
Spellcasting   | 3 4 |  4.3
Dodging        | 3 |  3.3
Conjurations   | 2 4 |  4.8
Fighting       | |  0.5
Stealth        | |  1.4

Action                   |  1- 3 |  4- 6 || total
-------------------------+-------+-------++-------
Melee: Unarmed           |    13 |     1 ||    14
 Cast: Foxfire           |    29 |    21 ||    50
       Scorch            |     3 |    11 ||    14
       Flame Wave        |       |     1 ||     1
  Use: Potion            |       |     2 ||     2
Armor: Robe              |     7 |     4 ||    11
Dodge: Dodged            |    21 |    10 ||    31
